 Dungeon Crawl Stone Soup version 0.24.0-13-gcf9b3192b9 (webtiles) character file.

Game seed: 14733311250300231003, levelgen mode: deterministic

6021 Mrkan the Cleaver (level 10, 0/81 HPs)
             Began as a Minotaur Fighter on Nov 5, 2019.
             Was a Believer of Hepliaklqana.
             Slain by Snorg (13 damage)
             ... on level 10 of the Dungeon.
             The game lasted 00:15:40 (8039 turns).

Mrkan the Cleaver (Minotaur Fighter)                Turns: 8039, Time: 00:15:41

Health: 0/81       AC: 15    Str: 23    XL:     10   Next: 56%
Magic:  9/9        EV:  6    Int:  5    God:    Hepliaklqana [**....]
Gold:   441        SH: 12    Dex: 13    Spells: 9/9 levels left

rFire    . . .     SeeInvis .   J - +1 war axe (elec)
rCold    + . .     Gourm    .   c - +0 shield
rNeg     . . .     Faith    .   e - +0 plate armour
rPois    .         Spirit   .   (helmet restricted)
rElec    .         Reflect  .   n - +0 cloak
rCorr    .         Harm     .   (no gloves)
MR       .....                  (no boots)
Stlth    ..........             (no amulet)
HPRegen  0.23/turn              y - ring of protection from cold
MPRegen  0.11/turn              v - +2 ring of strength

@: no status effects
A: retaliatory headbutt, reduced essence, horns 2
a: Recall Ancestor, Ancestor Identity, Renounce Religion


You were on level 10 of the Dungeon.
You worshipped Hepliaklqana.
Hepliaklqana was pleased with you.
You were not hungry.

You visited 2 branches of the dungeon, and saw 11 of its levels.

You collected 441 gold pieces.

Inventory:

Hand Weapons
 a - a +1 war axe
 s - a cursed -1 shortbow
 J - a +1 war axe of electrocution (weapon)
Armour
 c - a +0 shield (worn)
 e - a +0 plate armour (worn)
 n - a +0 cloak (worn)
 I - a +1 cloak of invisibility
Jewellery
 k - an uncursed ring of flight
 v - a +2 ring of strength (right hand)
 y - a ring of protection from cold (left hand)
Wands
 m - a wand of random effects (19)
 p - a wand of paralysis (5)
Scrolls
 b - a scroll of identify
 j - 3 scrolls of noise
 l - 3 scrolls of teleportation
 u - 4 scrolls of fear
 x - 10 scrolls of remove curse
 z - a scroll of random uselessness {unknown}
 B - a scroll of holy word {unknown}
 E - a scroll of magic mapping
 F - 2 scrolls of immolation {unknown}
 K - 3 scrolls of blinking {unknown}
Potions
 d - 2 potions of might
 h - 2 potions of brilliance
 i - 4 potions of heal wounds
 q - a potion of lignification {unknown}
 r - a potion of invisibility
 t - 3 potions of curing
 w - 3 potions of haste
 C - a potion of magic {unknown}
 D - a potion of mutation {unknown}
 G - 3 potions of degeneration
 H - 2 potions of resistance {unknown}
Comestibles
 f - 21 rations


   Skills:
 + Level 9.3 Fighting
 * Level 12.0 Axes
 + Level 9.4 Armour
 + Level 9.3 Shields


You had 9 spell levels left.
You didn't know any spells.
Your spell library was empty.

Dungeon Overview and Level Annotations

Branches:
Dungeon (10/15)            Temple (1/1) D:4             Orc (0/2) D:9
   Lair: D:8-11

Altars:
Ashenzari
Cheibriados
Dithmenos
Elyvilon
Fedhas
Gozag
Hepliaklqana
Kikubaaqudgha
Makhleb
Nemelex Xobeh
Okawaru
Qazlal
Ru
Sif Muna
Trog
Uskayaw
Vehumet
Wu Jian
Xom
Yredelemnul
Zin
The Shining One

Shops:
D:7 %

Annotations:
D:10 Snorg


Innate Abilities, Weirdness & Mutations

You reflexively headbutt those who attack you in melee.
You have a pair of horns on your head.
Your life essence is reduced to manifest your ancestor. (-10% HP)


Message History

Izel hits Snorg with a +0 dagger of draining.
Snorg barely misses Izel.
Snorg claws Izel!
Izel is destroyed!
The bullfrog releases a deep croak.
The bullfrog hits you.
You closely miss Snorg.
Snorg shouts!
Snorg is heavily wounded.
You closely miss the bullfrog. Snorg bites you!
Snorg claws you but does no damage. You block Snorg's attack.
The bullfrog barely misses you.
You slice Snorg!! Lightning courses through Snorg! You headbutt Snorg!
Snorg is severely wounded.
You slash the bullfrog! Lightning courses through the bullfrog!
You kill the bullfrog!
You block Snorg's attack. x2; Snorg claws you!
* * * LOW HITPOINT WARNING * * *
A centaur comes into view.
Snorg bites you!
You die...

#..........#
####..........#
#.............+
#<##..........#
#.##.......<[.#
#.##..........#
#.#########.###
#...........#
###.....T@###
#..?....#
#.......#
........+
#.......#
#.......#
#.......#
#....c..#


You could see Snorg (berserk) and a centaur (wandering).

Vanquished Creatures
  A kobold demonologist (D:9)
  2 hippogriffs
  Eustachio (D:4)
  A wyvern (D:9)
  2 hungry ghosts (D:9)
  Duvessa (D:7)
  An orc warrior (D:9)
  2 sky beasts
  A necrophage (D:6)
  A phantom (D:8)
  6 centaurs
  5 ogres
  A crocodile (D:8)
  A big kobold (D:9)
  Blork the orc (D:5)
  5 bullfrogs
  Dowan (D:7)
  2 wights (D:6)
  6 killer bees (D:8)
  A howler monkey (D:7)
  Crazy Yiuf (D:7)
  3 orc priests
  3 hounds
  5 jellies
  7 orc wizards
  3 iguanas
  3 worker ants
  6 ogre zombies (D:9)
  A hound zombie (D:8)
  A hound skeleton (D:6)
  12 gnolls
  A worker ant zombie (D:6)
  12 adders
  A howler monkey skeleton (D:5)
  2 shadow imps
  7 oozes
  3 adder skeletons
  2 worms
  3 dart slugs (D:1)
  5 leopard geckos
  38 orcs
  A ball python (D:2)
  3 giant cockroaches
  13 goblins
  2 hobgoblins
  17 jackals
  6 quokkas
  7 bats
  5 frilled lizards
  A goblin skeleton (D:9)
  4 goblin zombies (D:9)
  2 hobgoblin zombies (D:9)
  12 kobolds
  A leopard gecko skeleton (D:3)
  An orc skeleton (D:9)
  14 orc zombies (D:9)
  2 quokka skeletons
  9 rats
  A rat zombie (D:5)
262 creatures vanquished.

Vanquished Creatures (collateral kills)
  Grinder (D:6)
  Menkaure (D:6)
  A hornet zombie (D:9)
  A sky beast (D:6)
  2 phantoms
  A troll zombie (D:9)
  2 wights (D:6)
  2 howler monkeys (D:7)
  2 orc priests
  2 bullfrog skeletons
  A worker ant (D:7)
  An ogre zombie (D:9)
  A hound skeleton (D:6)
  A worker ant zombie (D:5)
  A gnoll (D:5)
  An adder (D:6)
  An adder zombie (D:6)
  3 orcs
  A jackal (D:6)
  A goblin zombie (D:9)
  2 orc zombies (D:9)
29 creatures vanquished.

Vanquished Creatures (others)
  A hexer (D:10)
  2 ancestors
3 creatures vanquished.

Grand Total: 294 creatures vanquished

Notes
Turn   | Place    | Note
-------+----------+-------------------------------------------
     0 | D:1      | Mrkan the Minotaur Fighter began the quest for the Orb.
     0 | D:1      | Reached XP level 1. HP: 19/19 MP: 0/0
    70 | D:1      | Reached XP level 2. HP: 27/27 MP: 1/1
   188 | D:1      | Reached skill level 3 in Axes
   624 | D:2      | Reached XP level 3. HP: 32/33 MP: 2/2
   884 | D:2      | Reached XP level 4. HP: 19/40 MP: 3/3
   886 | D:2      | Reached skill level 4 in Axes
  1495 | D:3      | Noticed a centaur
  1509 | D:3      | Killed a centaur
  1509 | D:3      | Reached XP level 5. HP: 17/47 MP: 4/4
  1689 | D:3      | Found a radiant altar of Vehumet.
  1858 | D:3      | Reached skill level 5 in Axes
  1948 | D:3      | Reached XP level 6. HP: 44/55 MP: 5/5
  2106 | D:3      | Found a shimmering blue altar of Sif Muna.
  2386 | D:4      | Reached skill level 5 in Fighting
  2386 | D:4      | Reached skill level 5 in Armour
  2386 | D:4      | Reached skill level 5 in Shields
  2528 | D:4      | Noticed Eustachio
  2588 | D:4      | Found a staircase to the Ecumenical Temple.
  2615 | D:4      | Reached skill level 6 in Axes
  2746 | Temple   | Entered the Ecumenical Temple
  2851 | Temple   | Became a worshipper of Hepliaklqana the Forgotten
  2905 | D:4      | Killed Eustachio
  2905 | D:4      | Reached XP level 7. HP: 54/54 MP: 6/6
  3019 | D:4      | Found a glowing golden altar of the Shining One.
  3167 | D:5      | Entered Level 5 of the Dungeon
  3650 | D:5      | Noticed Blork the orc
  3651 | D:5      | Reached skill level 7 in Axes
  3658 | D:5      | Killed Blork the orc
  3790 | D:5      | Found an ancient bone altar of Kikubaaqudgha.
  3873 | D:5      | Reached XP level 8. HP: 61/63 MP: 7/7
  3991 | D:6      | Reached * piety under Hepliaklqana
  4095 | D:6      | Found a burning altar of Makhleb.
  4103 | D:6      | Reached skill level 8 in Axes
  4313 | D:6      | Found an iron altar of Okawaru.
  4386 | D:6      | Noticed Grinder
  4389 | D:6      | Paralysed by Grinder for 4 turns
  4404 | D:6      | Killed Grinder
  4404 | D:6      | Reached skill level 9 in Axes
  4435 | D:6      | Noticed Menkaure
  4444 | D:6      | Killed Menkaure
  4444 | D:6      | Reached XP level 9. HP: 51/71 MP: 8/8
  5121 | D:7      | Found a sacrificial altar of Ru.
  5121 | D:7      | Noticed Duvessa
  5123 | D:7      | Noticed Dowan
  5128 | D:7      | Killed Duvessa
  5135 | D:7      | Killed Dowan
  5202 | D:7      | Reached ** piety under Hepliaklqana
  5293 | D:7      | Reached skill level 10 in Axes
  5444 | D:7      | Found Liuv's Food Boutique.
  5548 | D:7      | Found a sparkling altar of Nemelex Xobeh.
  5600 | D:7      | Found an ornate altar of the Wu Jian Council.
  5603 | D:7      | Found a blossoming altar of Fedhas.
  5606 | D:7      | Found a glowing silver altar of Zin.
  5684 | D:7      | Found a runed translucent door.
  5684 | D:7      | Noticed Crazy Yiuf
  5693 | D:7      | Killed Crazy Yiuf
  5777 | D:8      | Found a stormy altar of Qazlal.
  6278 | D:8      | Reached skill level 11 in Axes
  6333 | D:8      | Reached XP level 10. HP: 74/81 MP: 9/9
  6957 | D:9      | Found a staircase to the Orcish Mines.
  6995 | D:9      | Paralysed by fainting for 6 turns
  7058 | D:9      | Found a shadowy altar of Dithmenos.
  7279 | D:9      | Noticed a rust devil
  7280 | D:9      | Noticed a smoke demon
  7522 | D:9      | Found a hide-covered altar of Uskayaw.
  7532 | D:9      | Reached skill level 12 in Axes
  8010 | D:10     | Entered Level 10 of the Dungeon
  8030 | D:10     | Noticed Snorg
  8033 | D:10     | Remembered your ancestor Izel as a hexer
  8039 | D:10     | Slain by Snorg

Levels and vault maps discovered:
D:1:      dpeg_arrival_tiny_f, layout_rooms, serial_forest,
          infiniplex_forest_lined_2, infiniplex_forest_end_2,
          infiniplex_forest_end_1, infiniplex_forest_lined_room_,
          infiniplex_forest_join, infiniplex_forest_corner_2
D:2:      layout_basic
D:3:      cheibrodos_old_hovel, layout_basic, fiery_altar_vehumet, led_sif_pool,
          nrook_loot_triangle, kennysheep_boxes
D:4:      layout_cave_pools, lemuel_doored_altar, minmay_temple_entry_junction,
          uniq_eustachio
D:5:      layout_basic, lemuel_zombie_altar_kikubaaqudgha, first_ration,
          uniq_blork_the_orc
D:6:      layout_gridville, serial_glass, glass_columns_a, glass_columns_c,
          glass_columns_b, glass_columns_a, basic_altar,
          chequers_serial_rivers_marsh, makhleb_blood_cavern_becter,
          uniq_menkaure, uniq_grinder
D:7:      layout_rooms, grunt_temple_overflow_diamond, nemelex_altar_shiori,
          serial_shops, shop, nicolae_ru_sacrificial_ziggurat,
          uniq_crazy_yiuf_cottage, uniq_duvessa
D:8:      layout_basic, nicolae_qazlal_style_of_elements,
          hangedman_little_slice_of_home
D:9:      layout_loops_corners, marbit_many_paths, lemuel_crystal_altar,
          zombieorc2_lemuel, enter_bailey_3, chequers_serial_rivers_micro_c,
          ebering_dispersal_statue_hall, minivault_24, kb_rosetta
D:10:     layout_basic, uniq_josephine, uniq_snorg
Temple:   chequers_temple_sunken

Skill      XL: |  1  2  3  4  5  6  7  8  9 10 |
---------------+-------------------------------+-----
Axes           | 3 4 5 6 7 9 11 12 | 12.0
Armour         | 4 5 6 7 8 9 |  9.4
Fighting       | 4 5 6 7 8 9 |  9.3
Shields        | 4 5 6 7 8 9 |  9.3

Action                   |  1- 3 |  4- 6 |  7- 9 | 10-12 || total
-------------------------+-------+-------+-------+-------++-------
Melee: War axe           |    68 |   163 |   273 |   154 ||   658
       Headbutt          |     5 |    31 |    54 |    31 ||   121
Invok: Ancestor Identity |       |     1 |       |       ||     1
       Ancestor Life: He |       |       |       |     1 ||     1
  Use: Scroll            |       |     8 |       |     5 ||    13
 Stab: Distracted        |       |       |     1 |     1 ||     2
  Eat: Chunk             |       |     6 |    12 |     8 ||    26
Armor: Scale mail        |    34 |    55 |       |       ||    89
       Chain mail        |       |    18 |   125 |    68 ||   211
       Plate armour      |       |       |       |     5 ||     5
Dodge: Dodged            |    36 |    51 |    54 |    42 ||   183
Block: Shield            |    47 |    93 |   138 |   109 ||   387
